 Dungeon Crawl Stone Soup version 0.21-a0-52-gbf49515 (webtiles) character file.

382 wazuzu the Cruncher (level 6, 0/50 HPs)
             Began as a Minotaur Gladiator on June 13, 2017.
             Killed by nerve-wracking pain
             ... invoked by Menkaure
              (5 damage)
             ... on level 4 of the Dungeon.
             The game lasted 00:06:23 (2901 turns).

wazuzu the Cruncher (Minotaur Gladiator)            Turns: 2901, Time: 00:06:24

Health: 0/50       AC:  5    Str: 19    XL:     6   Next: 47%
Magic:  5/5        EV: 12    Int:  7    God:
Gold:   290        SH:  0    Dex: 13    Spells: 5/5 levels left

rFire    . . .     SeeInvis .   v - +7 dagger of Uwu Hiefes {freeze, MR+ Int+2 Stlth+}
rCold    . . .     Gourm    .   (no shield)
rNeg     . . .     Faith    .   p - +0 ring mail
rPois    .         Spirit   .   c - +0 hat
rElec    .         Reflect  .   (no cloak)
rCorr    .         Harm     .   (no gloves)
MR       +....                  (no boots)
Stlth    ++........             (no amulet)
Regen    0.2/turn               (no ring)
MPRegen  0.1/turn               (no ring)

@: no status effects
A: retaliatory headbutt, horns 2
a: no special abilities


You were on level 4 of the Dungeon.
You were not hungry.

You visited 1 branch of the dungeon, and saw 4 of its levels.

You collected 290 gold pieces.

Inventory:

Hand Weapons
 a - a +0 quarterstaff
 v - the +7 dagger of Uwu Hiefes (weapon) {freeze, MR+ Int+2 Stlth+}
   (You found it on level 4 of the Dungeon)

   It has been specially enchanted to freeze those struck by it, causing extra
   injury to most foes and up to half again as much damage against particularly
   susceptible opponents.
   It can also slow down cold-blooded creatures.
   It affects your intelligence (+2).
   It affects your resistance to hostile enchantments.
   It makes you more stealthy.
Missiles
 o - 21 bolts
Armour
 c - a +0 hat (worn)
 p - a +0 ring mail (worn)
Scrolls
 e - 3 scrolls of remove curse
 k - 2 scrolls of amnesia {unknown}
 l - 2 scrolls of teleportation
 m - a scroll of recharging {unknown}
 n - 2 scrolls of magic mapping {unknown}
 r - a scroll of enchant weapon {unknown}
 t - a scroll of fog {unknown}
 u - 2 scrolls of enchant armour {unknown}
 y - a scroll of blinking {unknown}
Potions
 d - 2 potions of haste
 j - a potion of lignification
 q - a potion of curing {unknown}
 s - a potion of magic {unknown}
 w - a potion of resistance
 x - a potion of flight
 z - a potion of cancellation
Comestibles
 f - 4 bread rations
 g - 6 fruits
 i - a meat ration


   Skills:
 + Level 2.4 Fighting
 - Level 8.9 Staves
 - Level 2.0 Throwing
 - Level 3.2 Dodging


You had 5 spell levels left.
You didn't know any spells.

Dungeon Overview and Level Annotations

Branches:
Dungeon (4/15)
 Temple: D:4-7

Altars:
Ashenzari
Okawaru
Sif Muna
The Shining One

Annotations:
D:4 Menkaure


Innate Abilities, Weirdness & Mutations

You reflexively headbutt those who attack you in melee.
You have a pair of horns on your head.


Message History

You barely miss the orc. Your headbutt misses the orc.
The orc is almost dead.
The orc barely misses you. You furiously retaliate!
You headbutt the orc.
You kill the orc!
Things that are here:
a whip; a leather armour Menkaure barely misses you.
You barely miss Menkaure. Your headbutt misses Menkaure.
Menkaure calls on the powers of darkness!
Your body is wracked with pain!
* * * LOW HITPOINT WARNING * * *
You hit Menkaure.
Menkaure is lightly damaged.
Menkaure hits you!
* * * LOW HITPOINT WARNING * * *
You puncture Menkaure! You freeze Menkaure.
Menkaure is heavily damaged.
Menkaure points at you and mumbles some strange words.
Pain shoots through your body!
You die...

..$..# ###.#..# ......##.#.# #
....... #.# # #.####.#.# #.#
#.##........# #.# ....
#.....####.# #
#..#..........#### #
#..M@)..###......# # #....<..#
#......#### .. ###...###
#..###.#.## ###. #...# #..#
#..... #... #...# #..###.#.##
#.#.## #...# #......#### ....#
#...# ##.###.#
#..#########...######.....##
#..##.......b.........#....###


You could see Menkaure.

Vanquished Creatures
  An ogre (D:4)
  A crimson imp (D:4)
  2 orc priests (D:3)
  Jessica (D:3)
  An orc wizard (D:3)
  A worker ant (D:3)
  5 adders (D:3)
  2 oozes
  2 dart slugs
  7 orcs
  4 giant cockroaches
  8 goblins
  7 hobgoblins
  6 jackals
  4 bats
  4 frilled lizards
  2 goblin skeletons (D:4)
  A goblin zombie (D:4)
  4 hobgoblin zombies (D:4)
  8 kobolds
  2 kobold skeletons (D:4)
  3 kobold zombies (D:4)
  6 rats
  A butterfly (D:4)
83 creatures vanquished.

Vanquished Creatures (others)
  An adder (D:3)
1 creature vanquished.

Grand Total: 84 creatures vanquished

Notes
Turn   | Place    | Note
-------+----------+-------------------------------------------
     0 | D:1      | wazuzu the Minotaur Gladiator began the quest for the Orb.
     0 | D:1      | Reached XP level 1. HP: 18/18 MP: 0/0
   105 | D:1      | Reached skill level 4 in Staves
   232 | D:1      | Reached XP level 2. HP: 20/25 MP: 1/1
   750 | D:1      | Reached skill level 5 in Staves
   817 | D:2      | Reached XP level 3. HP: 30/30 MP: 2/2
  1072 | D:2      | Found a shattered altar of Ashenzari.
  1388 | D:3      | Found an iron altar of Okawaru.
  1408 | D:3      | HP: 1/30 [poisoned by an adder]
  1574 | D:3      | Reached XP level 4. HP: 26/37 MP: 3/3
  1667 | D:3      | Reached skill level 6 in Staves
  1843 | D:3      | Found a deep blue altar of Sif Muna.
  1845 | D:3      | Reached XP level 5. HP: 42/42 MP: 4/4
  1846 | D:3      | Reached skill level 7 in Staves
  2403 | D:3      | Noticed Jessica
  2412 | D:3      | Killed Jessica
  2412 | D:3      | Reached skill level 8 in Staves
  2506 | D:4      | Found a glowing golden altar of the Shining One.
  2524 | D:4      | Reached XP level 6. HP: 45/50 MP: 5/5
  2660 | D:4      | Got an ebony dagger
  2661 | D:4      | Identified the +7 dagger of Uwu Hiefes {freeze, MR+ Int+2 Stlth+} (You found it on level 4 of the Dungeon)
  2895 | D:4      | Noticed Menkaure
  2901 | D:4      | Killed from afar by Menkaure

Vault maps used:
D:1:      dpeg_arrival_stone_temple_mockup
D:2:      nicolae_ashenzari_panopticon, first_bread
D:3:      old_standard_altar, okawaru_ov_weapons_minmay, minmay_door_square,
          lemuel_old_faithful, uniq_jessica
D:4:      minmay_temple_entry_butterflies, nicolae_tso_besieged_by_evil,
          uniq_menkaure

Skill      XL: |  1  2  3  4  5 |
---------------+----------------+-----
Staves         | 4 5 6 8 |  8.9
Fighting       | |  2.4
Throwing       | |  2.0
Dodging        | |  3.2

Action                   |  1- 3 |  4- 6 || total
-------------------------+-------+-------++-------
Melee: Quarterstaff      |    94 |    72 ||   166
       Headbutt          |    17 |    14 ||    31
       Dagger            |       |     5 ||     5
  Use: Scroll            |     3 |     7 ||    10
       Potion            |     2 |     1 ||     3
  Eat: Chunk             |     2 |     4 ||     6
Armor: Leather armour    |     3 |       ||     3
       Ring mail         |    30 |    15 ||    45
Dodge: Dodged            |    73 |    39 ||   112
